 Dungeon Crawl Stone Soup version 0.30-a0-341-g682706514a (webtiles) character file.

Game seed: 4563479127134818456

14 quakins the Vexing (level 2, -1/14 HPs)
             Began as a Spriggan Hexslinger on Nov 2, 2022.
             Slain by a goblin
             ... wielding a +0 club
             ... led by Robin
              (3 damage)
             ... on level 1 of the Dungeon.
             The game lasted 00:01:31 (912 turns).

quakins the Vexing (Spriggan Hexslinger)             Turns: 912, Time: 00:01:31

Health: -1/14      AC:  2    Str:  6    XL:     2   Next: 27%
Magic:  5/5        EV: 17    Int: 14    God:
Gold:   86         SH:  0    Dex: 15    Spells: 2/3 levels left

rFire   . . .      SeeInvis +    a - +1 sling
rCold   . . .      Faith    .    (no shield)
rNeg    . . .      Spirit   .    c - +0 robe
rPois   .          Reflect  .    (helmet restricted)
rElec   .          Harm     .    (no cloak)
rCorr   .          Rampage  .    (gloves unavailable)
Will    +....                    (boots unavailable)
Stlth   +.........               (no amulet)
HPRegen 0.22/turn                e - ring of willpower
MPRegen 0.09/turn                (no ring)

@: very quick
A: very small, no large weapons, unfitting armour, see invisible, speed 3
a: no special abilities


You were on level 1 of the Dungeon.
You visited 1 branch of the dungeon, and saw 2 of its levels.

You collected 86 gold pieces.

Inventory:

Hand Weapons
 a - a +1 sling (weapon)
Armour
 c - a +0 robe (worn)
Jewellery
 e - a ring of willpower (left hand)
Scrolls
 b - a scroll of poison
 f - a scroll of identify {unknown}
 g - a scroll of vulnerability {unknown}
 h - a scroll of blinking {unknown}
Potions
 d - 2 potions of resistance {unknown}
 i - a potion of lignification {unknown}


   Skills:
 - Level 0.7 Fighting
 + Level 3.0 Ranged Weapons
 - Level 2.6 Dodging
 - Level 1.3 Spellcasting
 - Level 3.6 Hexes


You had 2 spell levels left.
You knew the following spells:

 Your Spells              Type           Power      Damage    Failure   Level
a - Slow                  Hex            44%        N/A       6%          1

Your spell library contained the following spells:

 Spells                   Type           Power      Damage    Failure   Level
 Inner Flame              Hex/Fire       6%         N/A       36%         3
 Portal Projectile        Hex/Tloc       12%        N/A       36%         3
 Summon Guardian Golem    Hex/Summ       6%         N/A       36%         3
 Cause Fear               Hex            5%         N/A       50%         4
 Gell's Gravitas          Tloc           0%         N/A       58%         3
 Lesser Beckoning         Tloc           0%         N/A       58%         3
 Teleport Other           Tloc           0%         N/A       58%         3
 Orb of Destruction       Conj           0%         9d5       100%        7
 Spellforged Servitor     Conj/Summ      0%         N/A       100%        7


Dungeon Overview and Level Annotations

Branches:
Dungeon (2/15)

Altars:

Annotations:
D:1 Robin


Innate Abilities, Weirdness & Mutations

You are very small and have problems with some larger weapons.
You are too small for most types of armour.
You have supernaturally acute eyesight. (SInv)
You cover ground extremely quickly. (Speed+++)


Message History

What level of the Dungeon? (default 1, ? - help)
There is a stone staircase leading down here.
You climb downwards.
The ball python hisses angrily.
Robin shouts!
The goblin shouts!
The hobgoblin shouts!
The goblin shouts!
The kobold shouts!
The goblin shouts!
You hear a shout!
The goblin shouts! x3; You hear a shout!
The hobgoblin shouts!
The goblin shouts!
Found a throwing net and a scroll labelled GASEFF MAXUCI.
There is a stone staircase leading up here.
There are monsters nearby!
Robin roars a battlecry!
The goblins go into a battle-frenzy!
The hobgoblin hits you. The goblin misses you.
The goblin hits you with a +0 dagger. The goblin completely misses you. x2
You climb upwards.
There is a stone staircase leading down here.
You can't go up here!
The goblin barely misses you. Robin hits you with a +0 club.
You climb downwards.
The goblin shouts!
The kobold shouts!
The ball python misses you. x2; The goblin hits you with a +0 dagger.
The goblin closely misses you. x2; The ball python closely misses you.
The ball python misses you.
There is a stone staircase leading up, spattered with blood here.
The ball python completely misses you. The ball python barely misses you.
The goblin hits you with a +0 vampiric dagger.
The goblin closely misses you. The goblin hits you with a +0 dagger.
* * * LOW HITPOINT WARNING * * *
The goblin misses you.
You climb upwards.
The goblin misses you. The goblin completely misses you.
There is a stone staircase leading down here.
Fire: a) +1 sling
Press: ? - help, Q - select action, (/) - cycle Shift-Dir - straight line, f - goblin
Aim: a goblin, wielding a +0 dagger (strong, 50% to hit)
You shoot a sling bullet. The sling bullet misses the goblin.
The sling bullet barely misses the goblin.
The sling bullet hits the goblin.
You kill the goblin!
The goblin hits you with a +0 club.
You die...

# #.#
#..#####..##..##..#
# #.#
#........##....##.#
# #.#
#.##..##.##....##.#
####.#
#.##...#.#......#.#
#....#
#.##.....#...#..#.#
#....#
#.###.##Sgg#.##...#
'....# #.#
#.###g...######
#...## #.#
#.###g#.## #...#
#.# #.)gg@#.# #####
#.# #.#####.#
#.###.#####.#
#...........#
#####.#######
#.#### #
#######.#..# ##
#.......#..# .###
#.#######..#


You could see Robin, 5 goblins and a ball python.

Vanquished Creatures
  2 ball pythons (D:1)
  2 endoplasms (D:1)
  2 goblins (D:1)
  2 hobgoblins (D:1)
  A quokka (D:1)
  2 bats (D:1)
  A kobold (D:1)
  A rat (D:1)
13 creatures vanquished.

Notes
Turn   | Place    | Note
-------+----------+-------------------------------------------
     0 | D:1      | quakins the Spriggan Hexslinger began the quest for the
                  | Orb.
     0 | D:1      | Reached XP level 1. HP: 9/9 MP: 3/3
   475 | D:1      | Reached XP level 2. HP: 10/14 MP: 5/5
   905 | D:2      | Noticed Robin
   912 | D:1      | Slain by a goblin

Illustrated notes

Levels and vault maps discovered:
D:1:      psy_arrival_terrarium, layout_basic, dk_noncrumbling_3,
          minmay_misc_feat_x
D:2:      layout_basic, grunt_ministairs_1, st_stairs_12, uniq_robin,
          uniq_natasha

Skill      XL: |  1  2 |
---------------+-------+-----
Ranged Weapons | 3 |  3.0
Fighting       | |  0.7
Dodging        | |  2.6
Spellcasting   | |  1.3
Hexes          | |  3.6

Action                   || total
-------------------------++-------
 Fire: Sling             ||    39
 Cast: Slow              ||     1
Armor: Robe              ||     1
Dodge: Dodged            ||    33

Table legend: (Time is in decaauts)
 A = Elapsed time spent in this place.
 B = Non-inter-level travel time spent in this place.
 C = Inter-level travel time spent in this place.
 D = Time resting spent in this place.
 E = Time spent auto-exploring this place.
 F = Levels seen in this place.
 G = Mean time per level.
                   A        B        C        D        E       F      G
               +--------+--------+--------+--------+--------+-----+--------+
         Total |    609 |    585 |     24 |      0 |    501 |   2 |  304.5 |
       Dungeon |    609 |    585 |     24 |      0 |    501 |   2 |  304.5 |
               +--------+--------+--------+--------+--------+-----+--------+

Top non-repeatable levels by time:
     D:1: 605 daAuts
     D:2: 4 daAuts
